 Dungeon Sprint DCSS version 0.28.0-43-g3370ac3207 (webtiles) character file.

Game seed: 6052331641154519648

6064 boopmooplesden the Severer (level 10, -19/102 HPs)
             Began as a Minotaur Berserker on Mar 13, 2022.
             Was the Champion of Trog.
             Demolished by a spriggan berserker
             ... wielding a +0 flail
              (26 damage)
             ... in the Dungeon (Sprint IV: "Fedhas' Mad Dash").
             The game lasted 00:08:06 (3821 turns).

boopmooplesden the Severer (Minotaur Berserker)     Turns: 3821, Time: 00:08:06

Health: -19/102    AC: 15    Str: 22    XL:     10   Next: 57%
Magic:  8/9        EV:  9    Int:  4    God:    Trog [******]
Gold:   24         SH:  0    Dex: 14    Spells: 9/9 levels left

rFire   . . .      SeeInvis .   d - +6 battleaxe
rCold   . . .      Faith    .   (shield currently unavailable)
rNeg    . . .      Spirit   .   l - +0 plate armour
rPois   .          Reflect  .   (helmet restricted)
rElec   .          Harm     .   (no cloak)
rCorr   .          Rampage  .   (no gloves)
Will    .....      NoTele   +   (no boots)
Stlth   ..........              s - amulet of invisibility {+Inv}
HPRegen 0.27/turn               (no ring)
MPRegen 0.11/turn               (no ring)

@: on berserk cooldown, very slightly contaminated, slowed, invisible, very slow
A: horns 2, retaliatory headbutt
a: Renounce Religion, Evoke Invisibility, Berserk, Trog's Hand, Brothers in Arms


You were in the Dungeon.
You worshipped Trog.
Trog was exalted by your worship.
You visited 1 branch You collected 247 gold pieces.
You spent 223 gold pieces at shops.

Inventory:

Hand Weapons
 a - a +0 war axe
 b - the +4 hand crossbow "Ludghuimm" {flame, Str+3 Int-4 Dex+4}
   (You bought it in a shop in the Dungeon)

   Any ammunition fired from it burns those it strikes, dealing additional fire
   damage.
   Str:       It affects your strength (+3).
   Int:       It affects your intelligence (-4).
   Dex:       It affects your dexterity (+4).
 c - a +0 hand axe
 d - a +6 battleaxe (weapon)
 p - a +6 short sword
 u - a +3 lajatang of electrocution
Missiles
 r - 44 bolts
 t - 5 javelins (quivered)
Armour
 e - a +0 leather armour of cold resistance
 i - a +0 animal skin
 j - a +0 ring mail
 l - a +0 plate armour (worn)
 n - the +1 leather armour "Mauveqad" {+Inv rC+}
   (You found it in the Dungeon)

   rC:        It protects you from cold.
   +Inv:      It lets you turn invisible.
Jewellery
 s - the amulet of invisibility (around neck) {+Inv}
   (You found it in the Dungeon)

   [amulet of nothing]

   +Inv:      It lets you turn invisible.
Scrolls
 h - a scroll of blinking
 o - a scroll of identify
Potions
 f - 2 potions of magic
 g - a potion of berserk rage
 q - a potion of degeneration {unknown}
Miscellaneous
 k - a lightning rod (4/4)
 m - a piece from Xom's chessboard (15/15)


   Skills:
 + Level 13.6 Fighting
 + Level 16.3 Axes
 + Level 3.5 Crossbows
 + Level 12.7 Armour
 + Level 5.2 Dodging
 + Level 9.5 Stealth
 + Level 9.7 Evocations


You had 9 spell levels left.
You didn't know any spells.
Your spell library was empty.

Dungeon Overview and Level Annotations

Branches:
Dungeon (1/1)

Altars:
Cheibriados
Dithmenos
Elyvilon
Gozag
Hepliaklqana
Kikubaaqudgha
Makhleb
Nemelex Xobeh
Okawaru
Qazlal
Ru
Sif Muna
Trog
Uskayaw
Vehumet
Wu Jian
Xom
Yredelemnul
Zin
The Shining One
Beogh
Jiyva
Lugonu

Shops:
D (*(*([(


Innate Abilities, Weirdness & Mutations

You have a pair of horns on your head.
You reflexively headbutt those who attack you in melee.


Message History

You slash Agnes!
Agnes is almost dead.
Agnes closely misses you.
You miss Agnes. Your headbutt misses Agnes.
Agnes is almost dead.
Agnes hits you with a +3 lajatang of electrocution!!
A spriggan berserker comes into view. It is wielding a +0 flail.
Agnes hits you with a +3 lajatang of electrocution!
You slice Agnes!!
You kill Agnes!
Trog accepts your kill.
The spriggan berserker invokes Trog's protection!
Your Crossbows skill increases to level 3!
Found Joggey's Antique Weapon Emporium.
Things that are here:
a +3 lajatang of electrocution; a +0 robe
u - a +3 lajatang of electrocution You feel a strong urge to attack something.
The spriggan berserker hits you with a +0 flail.
You are no longer berserk.
You are exhausted.
You feel yourself slow down.
The spriggan berserker prays to Trog.
The spriggan berserker goes berserk!
There is an open door, spattered with blood here.
The spriggan berserker hits you with a +0 flail!
* * * LOW HITPOINT WARNING * * *
The spriggan berserker hits you with a +0 flail!
* * * LOW HITPOINT WARNING * * *
There is a broken door, spattered with blood here.
The spriggan berserker closely misses you.
You furiously retaliate!
You headbutt the spriggan berserker, but do no damage.
The spriggan berserker hits you with a +0 flail.
* * * LOW HITPOINT WARNING * * *
You slash the spriggan berserker!
Your headbutt misses the spriggan berserker.
The spriggan berserker is lightly wounded.
The spriggan berserker hits you with a +0 flail!!
You die...

###############################
⌠._._._._.⌠.#.)')..#....##∩##.#
._._._._._..'..#...#....'..##'#
.._._._._...#..###'##...##§#..###
._._._._._..#..##∩∩.'...#####....
_._._._._.⌠.#################...∩
#################....[.###.....♣.
♣♣♣♣..♣.###.'..i@....).')'...♣..∩
....♣..♣##:.#..#.......##########
.♣♣♣.♣).###.##'##......#
♣..♣...♣'...#♣[♣########
#############.....# ..♣..♣....#
...♣.... .♣.. ..... ♣.... ∩. ####
###### ##


You could see a spriggan berserker (berserk, regenerating, strong-willed).

Vanquished Creatures
  Agnes (D)
  A spriggan druid (D)
  6 oklob plants (D)
  A demonic crawler (D)
  3 burning bushes (D)
  A queen bee (D)
  A hornet (D)
  3 scorpions (D)
  4 killer bees (D)
  3 wandering mushrooms (D)
  5 oklob saplings (D)
  5 spriggans (D)
  A river rat (D)
  A rat (D)
36 creatures vanquished.

Vanquished Creatures (others)
  A ballistomycete spore (D)
  2 fungi (D)
3 creatures vanquished.

Grand Total: 39 creatures vanquished

Notes
Turn   | Place    | Note
-------+----------+-------------------------------------------
     0 | D        | boopmooplesden the Minotaur Berserker began the quest for
                  | the Orb.
     0 | D        | Reached XP level 1. HP: 19/19 MP: 0/0
    11 | D        | Reached skill level 4 in Axes
    11 | D        | Reached XP level 2. HP: 6/28 MP: 1/1
   248 | D        | Noticed a scorpion
   250 | D        | Noticed an oklob sapling
   253 | D        | Killed an oklob sapling
   253 | D        | Reached ** piety under Trog
   254 | D        | Reached skill level 5 in Fighting
   254 | D        | Reached skill level 6 in Axes
   254 | D        | Reached XP level 3. HP: 37/37 MP: 2/2
   254 | D        | Killed a scorpion
   255 | D        | Reached skill level 7 in Axes
   255 | D        | Reached XP level 4. HP: 46/47 MP: 3/3
   256 | D        | Found the amulet of invisibility {+Inv}
   583 | D        | Reached skill level 8 in Axes
   613 | D        | Found an opulent altar of Gozag.
   613 | D        | Found a hazy altar of Hepliaklqana.
   613 | D        | Found a snail-covered altar of Cheibriados.
   615 | D        | Found a viscous altar of Jiyva.
   615 | D        | Found a burning altar of Makhleb.
   615 | D        | Found a sparkling altar of Nemelex Xobeh.
   615 | D        | Found a sacrificial altar of Ru.
   615 | D        | Found a shimmering blue altar of Sif Muna.
   615 | D        | Found a bloodstained altar of Trog.
   615 | D        | Found an ornate altar of the Wu Jian Council.
   615 | D        | Found a shimmering altar of Xom.
   615 | D        | Found a basalt altar of Yredelemnul.
   616 | D        | Found an iron altar of Okawaru.
   616 | D        | Found a shadowy altar of Dithmenos.
   616 | D        | Found a glowing silver altar of Zin.
   617 | D        | Found an ancient bone altar of Kikubaaqudgha.
   617 | D        | Found a hide-covered altar of Uskayaw.
   618 | D        | Found a stormy altar of Qazlal.
   618 | D        | Found a white marble altar of Elyvilon.
   618 | D        | Found a glowing golden altar of the Shining One.
   619 | D        | Found a corrupted altar of Lugonu.
   619 | D        | Found a radiant altar of Vehumet.
   626 | D        | Reached skill level 1 in Evocations
   626 | D        | Reached XP level 5. HP: 36/56 MP: 2/4
   750 | D        | Reached *** piety under Trog
   751 | D        | Reached skill level 9 in Axes
   751 | D        | Reached skill level 1 in Stealth
   899 | D        | Reached skill level 5 in Armour
   901 | D        | Reached skill level 10 in Axes
   901 | D        | Reached XP level 6. HP: 64/64 MP: 5/5
   911 | D        | Found Obbij's General Store.
   911 | D        | Found Syod's Antique Weapon Emporium.
   956 | D        | Noticed a burning bush
   956 | D        | Noticed a wandering mushroom
   956 | D        | Noticed a wandering mushroom
   968 | D        | Reached **** piety under Trog
   976 | D        | Reached skill level 10 in Fighting
  1192 | D        | Reached skill level 11 in Axes
  1389 | D        | Killed a burning bush
  1390 | D        | Reached skill level 5 in Dodging
  1390 | D        | Reached XP level 7. HP: 73/73 MP: 6/6
  1396 | D        | Found Muybrita's Assorted Antiques.
  1397 | D        | Found Jiugexke's Antique Weapon Emporium.
  1403 | D        | Bought a scroll labelled CEUTIO QISAE for 28 gold pieces
  1446 | D        | Noticed a queen bee
  1454 | D        | Reached ***** piety under Trog
  1455 | D        | Reached skill level 12 in Axes
  1455 | D        | Reached skill level 5 in Evocations
  1461 | D        | Killed a queen bee
  1462 | D        | Reached skill level 5 in Stealth
  1462 | D        | Reached XP level 8. HP: 62/82 MP: 5/7
  1623 | D        | Noticed an oklob plant
  1635 | D        | Killed an oklob plant
  1636 | D        | Reached skill level 13 in Axes
  1937 | D        | Noticed a burning bush
  1944 | D        | Killed a burning bush
  1945 | D        | Reached skill level 10 in Armour
  1990 | D        | Noticed a burning bush
  1990 | D        | Noticed an oklob plant
  1992 | D        | Noticed a wandering mushroom
  1998 | D        | Killed a burning bush
  2002 | D        | Killed a wandering mushroom
  2003 | D        | Reached skill level 14 in Axes
  2003 | D        | Reached XP level 9. HP: 90/90 MP: 6/8
  2049 | D        | Killed an oklob plant
  2054 | D        | Identified the +1 leather armour "Mauveqad" {+Inv rC+}
  2096 | D        | Noticed a spriggan druid
  2102 | D        | Killed a spriggan druid
  2102 | D        | Received a gift from Trog
  2199 | D        | Noticed an oklob plant conjurer
  2201 | D        | Killed an oklob plant conjurer
  2201 | D        | Reached ****** piety under Trog
  2202 | D        | Reached skill level 15 in Axes
  2345 | D        | Bought an ebony hand crossbow for 195 gold pieces
  2345 | D        | Identified the +4 hand crossbow "Ludghuimm" {flame, Str+3
                  | Int-4 Dex+4} (You bought it in a shop in the Dungeon)
  2367 | D        | Lost intelligence.
  2422 | D        | Noticed an oklob plant
  2422 | D        | Noticed an oklob plant summoner
  2526 | D        | Killed an oklob plant
  2529 | D        | Noticed an oklob plant shifter
  2573 | D        | Killed an oklob plant summoner
  2574 | D        | Reached skill level 1 in Crossbows
  2574 | D        | Reached XP level 10. HP: 65/101 MP: 7/9
  2704 | D        | Lost intelligence.
  2715 | D        | Killed an oklob plant shifter
  3474 | D        | Noticed a spriggan rider
  3490 | D        | Received a gift from Trog
  3503 | D        | Reached skill level 16 in Axes
  3505 | D        | Found Ylinate's Antique Armour Emporium.
  3516 | D        | Found Eshruf's Weapon Shoppe.
  3804 | D        | Noticed Agnes
  3813 | D        | Noticed a spriggan berserker
  3814 | D        | Killed Agnes
  3815 | D        | Found Joggey's Antique Weapon Emporium.
  3821 | D        | Demolished by a spriggan berserker

Illustrated notes

Levels and vault maps discovered:
D:        dungeon_sprint_fedhas [sprint_temple]

Skill      XL: |  1  2  3  4  5  6  7  8  9 10 |
---------------+-------------------------------+-----
Fighting       | 4 5 7 8 9 10 11 13 | 13.6
Axes           | 4 6 7 8 10 11 12 14 15 16 | 16.3
Armour         | 3 4 5 7 8 10 11 12 | 12.7
Dodging        | 3 4 5 |  5.2
Evocations     | 1 2 4 5 6 8 9 |  9.7
Stealth        | 2 4 5 7 8 9 |  9.5
Crossbows      | 1 3 |  3.5

Action                   |  1- 3 |  4- 6 |  7- 9 | 10-12 || total
-------------------------+-------+-------+-------+-------++-------
Melee: Hand axe          |     9 |    55 |       |       ||    64
       Headbutt          |       |    19 |    16 |     6 ||    41
       War axe           |       |       |    56 |    26 ||    82
       Punch             |       |       |     3 |       ||     3
       Battleaxe         |       |       |       |     9 ||     9
 Fire: Hand crossbow     |       |       |     4 |     4 ||     8
Invok: Berserk           |     1 |     4 |     5 |     2 ||    12
 Abil: Evoke Invisibilit |       |     4 |     8 |     2 ||    14
Evoke: Piece from Xom's  |       |       |     1 |       ||     1
       Lightning rod     |       |       |     1 |       ||     1
  Use: Scroll            |       |     1 |     1 |       ||     2
       Potion            |       |     1 |       |     2 ||     3
 Stab: Invisible         |       |     4 |    12 |       ||    16
Armor: Animal skin       |     2 |       |       |       ||     2
       Plate armour      |       |    16 |    10 |     9 ||    35
Dodge: Dodged            |     3 |     9 |    11 |     5 ||    28
